 Dungeon Crawl Stone Soup version 0.27.0-1-g7a089689b8 (webtiles) character file.

Game seed: 9578793135799150013

3154 Sobieck the Cleaver (level 10, -1/73 HPs)
             Began as a Formicid Monk on Aug 5, 2021.
             Was a Priest of Okawaru.
             Engulfed by a steam dragon's steam (2 damage)
             ... on level 7 of the Dungeon.
             The game lasted 00:18:02 (9134 turns).

Sobieck the Cleaver (Formicid Monk)                 Turns: 9134, Time: 00:18:03

Health: -1/73      AC: 10    Str: 20    XL:     10   Next: 15%
Magic:  13/13      EV:  7    Int:  9    God:    Okawaru [***...]
Gold:   344        SH: 15    Dex: 13    Spells: 9/9 levels left

rFire    . . .     SeeInvis +   a - +0 war axe {axe}
rCold    . . .     Faith    .   i - +0 tower shield
rNeg     . . .     Spirit   .   j - +0 scale mail
rPois    .         Reflect  .   (helmet unavailable)
rElec    .         Harm     .   (no cloak)
rCorr    .         Rampage  .   (no gloves)
Will     +....                  (no boots)
Stlth    +.........             (no amulet)
HPRegen  0.22/turn              h - +4 ring of protection
MPRegen  0.13/turn              (no ring)

@: no status effects
A: permanent stasis, dig shafts and tunnels, antennae 3, four strong arms
a: Dig, Shaft Self, Renounce Religion, Heroism


You were on level 7 of the Dungeon.
You worshipped Okawaru.
Okawaru was most pleased with you.
You visited 1 branch of the dungeon, and saw 7 of its levels.

You collected 344 gold pieces.


Innate Abilities, Weirdness & Mutations

You cannot be hasted, slowed, berserked, paralysed or teleported.
You can dig through walls and to a lower floor.
You have a pair of large antennae on your head. (SInv)
Your four strong arms can wield two-handed weapons with a shield.


   Skills:
 + Level 4.9 Fighting
 * Level 10.9 Axes
 + Level 2.5 Crossbows
 - Level 2.6 Dodging
 - Level 2.4 Stealth
 + Level 6.4 Shields
 + Level 5.0 Invocations
 + Level 1.5 Evocations


You had 9 spell levels left.
You didn't know any spells.
Your spell library contained the following spells:

 Spells                   Type           Power      Damage    Failure   Level
 Apportation              Tloc           0%         N/A       100%        1
 Magic Dart               Conj           0%         1d3       100%        1
 Summon Small Mammal      Summ           0%         N/A       100%        1
 Call Imp                 Summ           0%         N/A       100%        2
 Call Canine Familiar     Summ           0%         N/A       100%        3
 Conjure Flame            Conj/Fire      0%         6-21      100%        3
 Ignite Poison            Fire/Tmut/Pois 0%         N/A       100%        3
 Mephitic Cloud           Conj/Pois/Air  0%         N/A       100%        3
 Summon Guardian Golem    Hex/Summ       0%         N/A       100%        3
 Sticky Flame             Conj/Fire      0%         2d3       100%        4
 Alistair's Intoxication  Tmut/Pois      0%         N/A       100%        5
 Invisibility             Hex            0%         N/A       100%        6

Inventory:

Hand Weapons
 a - a +0 war axe (weapon) {axe}
   (You took it off an orc priest on level 4 of the Dungeon)
 b - a +0 shortbow {bow}
   (You took it off a centaur on level 6 of the Dungeon)
 g - a +0 flail {mace}
   (You found it on level 2 of the Dungeon)
 r - a +0 whip of freezing {mace}
   (You took it off Pikel on level 4 of the Dungeon)
 s - a +0 hunting sling {sling}
   (You found it on level 1 of the Dungeon)
 u - a +4 flail {mace}
   (You took it off an orc on level 4 of the Dungeon)
 w - a +0 hand axe {axe}
 B - a +0 dagger of venom {short}
   (You took it off Dowan on level 5 of the Dungeon)
 H - a +0 vorpal glaive {polearm}
   (You took it off Maggie on level 6 of the Dungeon)
 K - the +5 dagger of Pain and Death {freeze, Will- Str+6, short}
   (You took it off an orc on level 6 of the Dungeon)

   It freezes those it strikes, dealing additional cold damage.
   It can also slow down cold-blooded creatures.
   Str:       It affects your strength (+6).
   Will:      It decreases your willpower.
 M - a +0 arbalest {crossbow}
   (You found it on level 4 of the Dungeon)
Missiles
 c - 71 stones {throwing}
 d - 39 sling bullets
 n - 56 bolts
 q - 3 throwing nets {=f!fthrowing}
 t - 44 arrows
 z - 7 atropa-tipped darts {throwing}
 J - 7 boomerangs of dispersal {=f!fthrowing}
 L - 17 poisoned darts {throwing}
Armour
 f - a +0 robe
 i - a +0 tower shield (worn)
   (You found it on level 2 of the Dungeon)
 j - a +0 scale mail (worn)
   (You found it on level 2 of the Dungeon)
Magical Staves
 G - a staff of poison {!astaff}
   (You found it on level 6 of the Dungeon)
Jewellery
 h - a +4 ring of protection (left hand)
   (You found it on level 2 of the Dungeon)
 p - a ring of fire
   (You found it on level 4 of the Dungeon)
Wands
 D - a wand of iceblast (7)
   (You found it on level 5 of the Dungeon)
 I - a wand of acid (10)
   (You took it off Maggie on level 6 of the Dungeon)
Scrolls
 e - a scroll of amnesia {unknown}
 v - 2 scrolls of immolation {unknown}
 x - 2 scrolls of vulnerability {unknown}
 y - 9 scrolls of identify {unknown}
 A - 2 scrolls of magic mapping {unknown}
 C - 2 scrolls of noise {unknown}
 E - a scroll of torment {unknown}
Potions
 k - 2 potions of invisibility {unknown}
 l - 4 potions of curing {@q1}
 m - a potion of lignification {unknown}
 o - 3 potions of brilliance {unknown}
 F - a potion of heal wounds {@q2}
 N - a potion of berserk rage {unknown}

Dungeon Overview and Level Annotations

Branches:
Dungeon (7/15)             Temple (0/1) D:6

Altars:
Cheibriados
Dithmenos
Gozag
Nemelex Xobeh
Okawaru
Trog
Uskayaw
Vehumet
Wu Jian
Yredelemnul

Annotations:
D:2 1 runed translucent door, Crazy Yiuf
D:4 vault, exclusion: door

###############
#..............
#.###########..
#.# ........
#.# .#####..
#.# ### ###.#
##D#.# #@#..#
####D# { #.#
#.# #......#
#......#
#§.§...#
..§.§...#
.#.§....#


You could see a steam dragon (catching breath).


Message History

You hit the hornet.
You kill the hornet!
Okawaru accepts your kill.
You feel sick.
Your Invocations skill increases to level 5!
Unknown command.
You start resting.
You feel sick.
Unknown command.
You start resting.
You feel sick. x6
You are no longer poisoned.
You feel like a meek peon again.
Unknown command.
b - a +0 shortbow (weapon)
{bow}
t - 45 arrows (gained 1)
You open the door.
There is an open door here.
A steam dragon comes into view.
The steam dragon hisses angrily.
Danger!
You shoot an arrow.
The arrow barely misses the steam dragon.
The steam dragon breathes steam at you. The ball of steam hits you.
Unknown command.
No target in view!
Unknown command.
You extend your mandibles.
You dig through the rock wall.
You dig through the rock wall.
You dig through the rock wall.
a - a +0 war axe (weapon)
{axe} You retract your mandibles.
Danger!
You start resting.
A steam dragon is nearby!
Danger!
You barely miss the steam dragon. The steam dragon breathes steam at you.
The ball of steam hits you!
The steam dragon bites you but does no damage.
You block the steam dragon's attack.
You hit the steam dragon.
You are engulfed in a cloud of scalding steam.
You block the steam dragon's attack. x2
You closely miss the steam dragon.
You are engulfed in a cloud of scalding steam.
You block the steam dragon's attack.
The steam dragon claws you but does no damage.
You hit the steam dragon.
You are engulfed in a cloud of scalding steam.
You block the steam dragon's attack. x2
Unknown command.
You closely miss the steam dragon. The steam dragon breathes steam at you.
The ball of steam hits you! The steam dragon barely misses you.
You block the steam dragon's attack.
You closely miss the steam dragon.
You are engulfed in a cloud of scalding steam.
* * * LOW HITPOINT WARNING * * *
You block the steam dragon's attack. x2
You barely miss the steam dragon.
You are engulfed in a cloud of scalding steam.
The steam dragon bites you but does no damage.
You block the steam dragon's attack.
Unknown command.
You closely miss the steam dragon.
You are engulfed in a cloud of scalding steam.
* * * LOW HITPOINT WARNING * * *
You block the steam dragon's attack. The steam dragon closely misses you.
You closely miss the steam dragon.
You are engulfed in a cloud of scalding steam.
The steam dragon barely misses you. You block the steam dragon's attack.
The steam dragon breathes steam at you. The ball of steam misses you.
You barely miss the steam dragon. You block the steam dragon's attack.
The steam dragon closely misses you.
Unknown command.
You slash the steam dragon! The steam dragon bites you.
* * * LOW HITPOINT WARNING * * *
The steam dragon barely misses you.
You slash the steam dragon!
The steam dragon bites you but does no damage.
The steam dragon claws you.
* * * LOW HITPOINT WARNING * * *
You closely miss the steam dragon. The steam dragon bites you!
* * * LOW HITPOINT WARNING * * *
You block the steam dragon's attack. x2; The steam dragon claws you.
* * * LOW HITPOINT WARNING * * *
Unknown command.
You closely miss the steam dragon. The steam dragon breathes steam at you.
The ball of steam misses you.
Unknown command.
You closely miss the steam dragon.
You are engulfed in a cloud of scalding steam.
* * * LOW HITPOINT WARNING * * *
You block the steam dragon's attack. x2
Unknown command.
You hit the steam dragon but do no damage.
You are engulfed in a cloud of scalding steam.
You die...

Skill      XL: |  1  2  3  4  5  6  7  8  9 10 |
---------------+-------------------------------+-----
Axes           | 4 5 7 9 10 | 10.9
Shields        | 1 2 5 6 |  6.4
Invocations    | 2 4 5 |  5.0
Fighting       | 4 |  4.9
Crossbows      | 2 |  2.5
Evocations     | 1 |  1.5
Dodging        | |  2.6
Stealth        | |  2.4

Action                   |  1- 3 |  4- 6 |  7- 9 | 10-12 || total
-------------------------+-------+-------+-------+-------++-------
Melee: Hand axe          |    97 |   186 |    60 |       ||   343
       War axe           |       |       |   314 |    55 ||   369
 Fire: Hunting sling     |    22 |    41 |    20 |       ||    83
       Arbalest          |       |       |    14 |       ||    14
       Shortbow          |       |       |       |    22 ||    22
Invok: Heroism           |       |       |     3 |     1 ||     4
 Abil: Dig               |     2 |     4 |     4 |     1 ||    11
Evoke: Wand              |       |       |     1 |       ||     1
  Use: Scroll            |       |     1 |       |       ||     1
 Stab: Sleeping          |     1 |       |       |       ||     1
Armor: Robe              |    11 |       |       |       ||    11
       Scale mail        |    29 |    88 |   128 |    18 ||   263
Dodge: Dodged            |    43 |    39 |    91 |    13 ||   186
Block: Tower shield      |    36 |   140 |   337 |    50 ||   563

Levels and vault maps discovered:
D:1:      lemuel_arrival_river_ford, layout_loops_ring,
          dreamdust_ecumenical_altar_hidden_monk_grotto
D:2:      layout_rooms, grunt_ministairs_5, st_stairs_5, uniq_crazy_yiuf_cottage
D:3:      layout_loops_corners
D:4:      lemuel_castle_with_subvaults [lemuel_castle_interior_carwin_3],
          layout_layer_cave, mainiacjoe_overflow_concentric_impassable,
          nicolae_yredelemnul_corpse_copse, eat_drink_and_be_merry_uskayaw,
          chequers_temple_overflow_minitemple, uniq_pikel
D:5:      cheibrodos_helix_gallery, layout_rooms,
          nicolae_gozag_cash_rules_everything_around_me, minmay_quadrilaterals,
          uniq_duvessa, uniq_sigmund
D:6:      layout_basic, lightli_temple_of_fire, minmay_temple_entry_junction_2,
          minmay_ruined_shrine, uniq_maggie
D:7:      layout_basic

Notes
Turn   | Place    | Note
-------+----------+-------------------------------------------
     0 | D:1      | Sobieck the Formicid Monk began the quest for the Orb.
     0 | D:1      | Reached XP level 1. HP: 18/18 MP: 1/1
    53 | D:1      | You pick up a book of Minor Magic and begin reading...
    53 | D:1      | You add the spells Magic Dart, Call Imp and Mephitic Cloud
                  | to your library.
   406 | D:1      | Reached XP level 2. HP: 19/24 MP: 2/2
   705 | D:1      | Found a faded altar of an unknown god.
  1650 | D:2      | Reached skill level 4 in Axes
  1650 | D:2      | Reached XP level 3. HP: 29/29 MP: 3/3
  2052 | D:2      | Reached skill level 1 in Shields
  2054 | D:2      | Reached XP level 4. HP: 35/35 MP: 4/4
  2247 | D:2      | Found a runed translucent door.
  2248 | D:2      | Noticed Crazy Yiuf
  3676 | D:4      | Found an ornate altar of the Wu Jian Council.
  3700 | D:4      | Reached skill level 5 in Axes
  3700 | D:4      | Reached skill level 2 in Shields
  3700 | D:4      | Reached XP level 5. HP: 21/41 MP: 5/5
  4325 | D:4      | Reached XP level 6. HP: 13/47 MP: 6/6
  4329 | D:4      | HP: 11/47 [orc wizard/puff of flame (3)]
  4333 | D:4      | Reached skill level 3 in Shields
  4370 | D:5      | Entered Level 5 of the Dungeon
  4630 | D:4      | Found a hide-covered altar of Uskayaw.
  4635 | D:4      | Noticed Pikel
  4692 | D:4      | Killed Pikel
  4693 | D:4      | Reached skill level 7 in Axes
  4693 | D:4      | Reached skill level 5 in Shields
  4693 | D:4      | Reached XP level 7. HP: 15/52 MP: 7/7
  4693 | D:4      | Reached XP level 8. HP: 17/58 MP: 8/8
  4931 | D:4      | You pick up a book of Callings and begin reading...
  4931 | D:4      | You add the spells Summon Small Mammal, Call Canine
                  | Familiar and Summon Guardian Golem to your library.
  5127 | D:4      | Reached skill level 8 in Axes
  5153 | D:4      | You pick up a book of Party Tricks and begin reading...
  5153 | D:4      | You add the spells Apportation, Alistair's Intoxication and
                  | Invisibility to your library.
  5290 | D:4      | Found a basalt altar of Yredelemnul.
  5482 | D:4      | Found a sparkling altar of Nemelex Xobeh.
  5482 | D:4      | Found a faded altar of an unknown god.
  5488 | D:4      | Found an iron altar of Okawaru.
  5490 | D:4      | Found a snail-covered altar of Cheibriados.
  5491 | D:4      | Found a radiant altar of Vehumet.
  5495 | D:4      | Became a worshipper of Warmaster Okawaru
  5495 | D:4      | Reached * piety under Okawaru
  5495 | D:4      | Reached ** piety under Okawaru
  5542 | D:4      | Reached skill level 9 in Axes
  5710 | D:4      | Reached skill level 1 in Invocations
  6124 | D:5      | Reached skill level 2 in Invocations
  6245 | D:5      | Noticed Sigmund
  6262 | D:5      | Killed Sigmund
  6263 | D:5      | Reached XP level 9. HP: 61/64 MP: 8/11
  6296 | D:5      | Noticed Duvessa
  6297 | D:5      | Noticed Dowan
  6314 | D:5      | Killed Duvessa
  6315 | D:5      | Reached skill level 3 in Invocations
  6324 | D:5      | Killed Dowan
  6325 | D:5      | Reached skill level 10 in Axes
  6592 | D:5      | Found an opulent altar of Gozag.
  7029 | D:6      | Reached *** piety under Okawaru
  7157 | D:6      | Noticed Maggie
  7178 | D:6      | Killed Maggie
  7179 | D:6      | Reached skill level 4 in Fighting
  7179 | D:6      | Reached skill level 1 in Crossbows
  7354 | D:6      | Identified the +5 dagger of Pain and Death {freeze, Will-
                  | Str+6}
  7370 | D:6      | Reached skill level 4 in Invocations
  7571 | D:6      | Found a staircase to the Ecumenical Temple.
  7698 | D:6      | You add the spells Conjure Flame, Ignite Poison and Sticky
                  | Flame to your library.
  7730 | D:6      | Reached skill level 6 in Shields
  7734 | D:6      | HP: 16/66 [poisoned by a water moccasin]
  8046 | D:6      | Reached skill level 2 in Crossbows
  8055 | D:6      | Reached XP level 10. HP: 57/73 MP: 13/13
  8145 | D:6      | Reached skill level 1 in Evocations
  8594 | D:6      | Found a bloodstained altar of Trog.
  8677 | D:6      | Found a shadowy altar of Dithmenos.
  8723 | D:6      | Reached **** piety under Okawaru
  8888 | D:7      | Reached skill level 5 in Invocations
  9129 | D:7      | HP: 18/73 [steam dragon (3)]
  9131 | D:7      | HP: 7/73 [steam dragon (3)]
  9133 | D:7      | HP: 1/73 [steam dragon] (6)]
  9134 | D:7      | Engulfed by a steam dragon's steam

Vanquished Creatures
  Pikel (D:4)
  Maggie (D:6)
  A hornet (D:7)
  Sigmund (D:5)
  An acid dragon (D:6)
  A water moccasin (D:6)
  An orc warrior (D:6)
  Duvessa (D:5)
  2 necrophages
  An ogre (D:5)
  A centaur (D:6)
  2 water moccasin zombies (D:4)
  Dowan (D:5)
  A water moccasin skeleton (D:5)
  2 centaur zombies
  2 gnoll shamans (D:6)
  A jelly (D:6)
  2 orc priests
  9 hounds
  2 bullfrog skeletons
  3 centaur skeletons (D:6)
  3 iguanas
  2 orc wizards (D:4)
  A hound zombie (D:4)
  2 hound skeletons (D:4)
  A howler monkey skeleton (D:6)
  10 gnolls
  9 adders
  2 ufetubi
  An adder zombie (D:4)
  2 worms (D:4)
  13 orcs
  4 endoplasms
  3 giant cockroaches
  10 goblins
  3 hobgoblins
  25 jackals
  2 quokkas
  5 ball pythons
  A bat (D:1)
  4 frilled lizards
  5 kobolds
  2 rats
147 creatures vanquished.

Vanquished Creatures (others)
  2 fungi (D:1)
  A plant (D:1)
3 creatures vanquished.

Grand Total: 150 creatures vanquished

Table legend:
 A = Non-vault XP
 B = Vault XP
 C = Vault XP percentage of total XP
 D = Non-vault monster count
 E = Vault monster count
 F = Vault count percentage of total count
                 A         B        C        D         E       F
            +---------+---------+-------+---------+---------+-------
      Total |    1961 |    2545 |  56.5 |      97 |      50 |  34.0
            +---------+---------+-------+---------+---------+-------
        D:1 |      27 |       0 |   0.0 |      16 |       0 |   0.0
        D:2 |      35 |      24 |  40.7 |       7 |       7 |  50.0
        D:3 |      47 |       0 |   0.0 |      15 |       0 |   0.0
        D:4 |     447 |    1101 |  71.1 |      26 |      26 |  50.0
        D:5 |      87 |     679 |  88.6 |       4 |      10 |  71.4
        D:6 |     992 |     741 |  42.8 |      26 |       7 |  21.2
        D:7 |     326 |       0 |   0.0 |       3 |       0 |   0.0
            +---------+---------+-------+---------+---------+-------

Illustrated notes

Table legend:
 A = Kills in this place as a percentage of kills in entire the game.
 B = Kills by you in this place as a percentage of kills by you in the entire game.
 C = Kills by friends in this place as a percentage of kills by friends in the entire game.
 D = Other kills in this place as a percentage of other kills in the entire game.
 E = Experience gained in this place as a percentage of experience gained in the entire game.
 F = Experience gained in this place divided by the number of levels of this place that you have seen.
                   A       B       C       D       E      F
               +-------+-------+-------+-------+-------+----------------------
         Total | 100.0 | 100.0 |   N/A |   N/A | 100.0 | 643.7
       Dungeon | 100.0 | 100.0 |   N/A |   N/A | 100.0 | 643.7
               +-------+-------+-------+-------+-------+----------------------

Table legend: (Time is in decaauts)
 A = Elapsed time spent in this place.
 B = Non-inter-level travel time spent in this place.
 C = Inter-level travel time spent in this place.
 D = Time resting spent in this place.
 E = Time spent auto-exploring this place.
 F = Levels seen in this place.
 G = Mean time per level.
                   A        B        C        D        E       F      G
               +--------+--------+--------+--------+--------+-----+--------+
         Total |   9409 |   9152 |    257 |   2792 |   4334 |   7 | 1344.1 |
       Dungeon |   9409 |   9152 |    257 |   2792 |   4334 |   7 | 1344.1 |
               +--------+--------+--------+--------+--------+-----+--------+

Top non-repeatable levels by time:
     D:4: 2510 daAuts
     D:6: 1856 daAuts
     D:1: 1616 daAuts
     D:3: 1211 daAuts
     D:5: 997 daAuts
     D:2: 881 daAuts
     D:7: 337 daAuts
